 Dungeon Crawl Stone Soup version 0.19.5 (webtiles) character file.

67321 Gukra the Eclecticist (level 14, -3/86 HPs)
             Began as a High Elf Conjurer on Mar 3, 2017.
             Was a High Priest of Vehumet.
             Slain by Agnes
             ... wielding a +0 lajatang
              (19 damage)
             ... on level 1 of the Spider Nest on Mar 16, 2017.
             The game lasted 03:15:49 (21052 turns).

Gukra the Eclecticist (High Elf Conjurer)          Turns: 21052, Time: 03:15:50

Health: -3/86      AC:  5    Str:  7    XL:     14   Next: 82%
Magic:  39/50      EV: 17    Int: 23    God:    Vehumet [*****.]
Gold:   1825       SH:  8    Dex: 18    Spells: 12 memorised, 1 level left

rFire  . . .     SeeInvis +     X - staff of power
rCold  . . .     Gourm    .     P - +0 troll leather armour
rNeg   . . .     Faith    .     e - +2 buckler
rPois  .         Spirit   .     s - +0 helmet {SInv}
rElec  .         Reflect  .     (no cloak)
rCorr  .         Harm     .     (no gloves)
MR     +....                    (no boots)
Stlth  +++.......               y - amulet of magic regeneration
                                T - +5 ring of evasion
                                B - ring of stealth

@: lethally poisoned (-3 -> -19), deflect missiles
A: no striking features
a: Renounce Religion


You were on level 1 of the Spider Nest.
You worshipped Vehumet.
Vehumet was extremely pleased with you.
You were hungry.

You visited 3 branches of the dungeon, and saw 19 of its levels.
You also visited: Ossuary and Ice Cave.

You collected 1825 gold pieces.

Inventory:

Hand Weapons
 S - the +1 dagger "Goblinslayer" {pierce, Int+3}
   (You found it on level 1 of the Lair of Beasts)

   It inflicts extra damage upon your enemies.
   It affects your intelligence (+3).
Missiles
 h - 4 throwing nets (quivered)
Armour
 e - a +2 buckler (worn)
 k - the +0 leather armour of Dawn {*Slow rPois rF+ rC+++}
   (You found it on level 10 of the Dungeon)

   It protects you from fire.
   It renders you almost immune to cold.
   It protects you from poison.
   It may slow you when you take damage.
 s - a +0 helmet of see invisible (worn)
 P - a +0 troll leather armour (worn)
Magical Staves
 a - an uncursed staff of poison
 b - an uncursed staff of wizardry
 X - an uncursed staff of power (weapon)
Jewellery
 x - an uncursed ring of positive energy
 y - an amulet of magic regeneration (around neck)
 B - a ring of stealth (left hand)
 M - an uncursed amulet of regeneration
 T - a +5 ring of evasion (right hand)
Wands
 i - a wand of disintegration (7/24)
 G - a wand of iceblast (4/15)
 V - a wand of acid (6/15)
 Y - a wand of lightning (7/15)
Scrolls
 d - a scroll of identify
 m - 11 scrolls of remove curse
 p - 5 scrolls of enchant weapon
 q - a scroll of enchant armour
 r - 5 scrolls of fog
 t - 11 scrolls of teleportation
 w - 2 scrolls of recharging
 z - 3 scrolls of amnesia
 H - 3 scrolls of blinking
 O - a scroll of magic mapping
 R - 2 scrolls of holy word
Potions
 g - 10 potions of curing
 l - 5 potions of heal wounds
 n - 5 potions of brilliance
 o - 6 potions of haste
 v - 4 potions of lignification
 F - a potion of ambrosia
 I - 2 potions of cancellation
 J - 2 potions of resistance
 K - 4 potions of flight
 L - 3 potions of berserk rage
Miscellaneous
 C - a phantom mirror
Comestibles
 c - 3 bread rations
 j - 8 meat rations
 u - 14 fruits
 A - 24 beef jerkies
 D - a slice of pizza
 W - 2 royal jellies


   Skills:
 - Level 4.8 Fighting
 - Level 3.2 Short Blades
 - Level 3.4 Armour
 - Level 2.2 Dodging
 - Level 2.4 Stealth
 - Level 4.7 Shields
 - Level 16.6 Spellcasting
 - Level 12.3 Conjurations
 - Level 10.0 Hexes
 - Level 10.9 Charms
 + Level 2.0 Translocations
 * Level 10.9 Air Magic
 + Level 0.6 Evocations


You had one spell level left.
You knew the following spells:

 Your Spells              Type           Power        Failure   Level  Hunger
a - Magic Dart            Conj           ####         1%          1    None
b - Iskenderun's Mystic   Conj           ######..     1%          4    None
c - Cause Fear            Hex            ######....   1%          4    None
d - Dazzling Spray        Conj/Hex       ######       1%          3    None
e - Fulminant Prism       Conj/Hex       ######....   1%          4    None
f - Iskenderun's Battles  Conj/Chrm      ######..     1%          5    #......
g - Shock                 Conj/Air       ####         1%          1    None
h - Gell's Gravitas       Hex/Tloc       #####.....   1%          3    None
i - Confuse               Hex            ######..     1%          3    None
j - Bolt of Cold          Conj/Ice       #####.....   21%         6    ####...
l - Lightning Bolt        Conj/Air       ######....   1%          5    #......
r - Deflect Missiles      Chrm/Air       ######....   10%         6    ####...


Dungeon Overview and Level Annotations

Branches:
Dungeon (12/15)            Temple (0/1) D:7            Lair (6/6) D:9
 Shoals (0/4) Lair:3       Spider (1/4) Lair:2        Slime (0/5) Lair:5
    Orc: D:9-12

Altars:
Dithmenos
Vehumet
Xom
Beogh
Jiyva

Annotations:
Spider:1 Agnes


Message History

Unknown command.
Okay, then.
Casting: Gell's Gravitas
Confirm with . or Enter, or press ? or * to list all spells.
Agnes easily resists.
The redback looks frightened! x2
The tarantella resists with almost no effort.
The jumping spider resists with some effort.
The redback looks frightened! x4; The jumping spider looks frightened!
The demonic crawler is unaffected.
Your battlesphere is unaffected.
You feel very sick. The tarantella bites you.
* * * LOW HITPOINT WARNING * * *
You block the demonic crawler's attack. The demonic crawler closely misses you.
The demonic crawler hits you.
* * * LOW HITPOINT WARNING * * *
The jumping spider closely misses you.
The jumping spider bites you but does no damage.
The jumping spider leaps!
Agnes hits you with a lajatang!!
You die...

...............
..... ......s..
............s..
............s..
......#^......s
...............
.......s§......
....*.i@s......
.#.....s.......
.......?.s.....
.......s.......
...s...........
...............
...............
..........^....


You could see Agnes, a demonic crawler, 2 jumping spiders, a tarantella, 6
redbacks and a friendly battlesphere.

Vanquished Creatures
  Rupert (Lair:4)
  Snorg (Lair:3)
  An ice dragon (Lair:6)
  The ghost of bande the Cleaver, a journeyman MiFi of Okawaru (Lair:1)
  3 hydras
  A catoblepas (Lair:4)
  6 death yaks (Lair:6)
  The ghost of VictoriousLee the Nimble, a journeyman FeMo of Ashenzari (Lair:3)
  2 unseen horrors (D:10)
  A lindwurm (Lair:6)
  A necromancer (IceCv)
  A wolf spider (Lair:6)
  2 manticores
  7 elephants
  A guardian serpent (Lair:6)
  9 black mambas
  12 spiny frogs
  3 ice statues (IceCv)
  A torpor snail (Lair:6)
  2 rime drakes
  8 komodo dragons
  8 ice devils (IceCv)
  3 trolls
  10 polar bears
  38 blink frogs
  A jumping spider (Lair:2)
  Prince Ribbit (D:5)
  6 hornets
  A two-headed ogre (D:10)
  10 hippogriffs
  3 raiju (Lair:6)
  8 wyverns
  50 yaks
  A vampire (D:10)
  Eustachio (D:5)
  3 vampire mosquitoes (D:9)
  2 mottled dragons (D:11)
  6 wargs (Lair:6)
  7 hell hounds
  10 water moccasins
  4 porcupines
  7 orc warriors
  3 sky beasts
  14 black bears
  3 ice beasts
  An eye of draining (D:8)
  17 wolves
  11 ogres
  2 phantoms
  5 centaurs
  19 crocodiles
  A big kobold (D:10)
  Blork the orc (D:4)
  14 bullfrogs
  4 elf skeletons (D:6)
  2 scorpions
  A water moccasin skeleton (D:10)
  7 wights
  11 killer bees
  5 howler monkeys
  An electric eel (Lair:3)
  2 bullfrog zombies
  4 crimson imps
  18 hounds
  A quasit (D:9)
  A centaur zombie (D:10)
  A draconian simulacrum (IceCv)
  3 jellies
  8 orc priests
  A bullfrog skeleton (D:11)
  18 orc wizards
  A human skeleton (D:6)
  11 iguanas
  14 worker ants
  A spriggan simulacrum (IceCv)
  A troll simulacrum (IceCv)
  A big kobold zombie (Ossuary)
  2 centaur simulacra (IceCv)
  8 mummies (Ossuary)
  A howler monkey skeleton (D:6)
  A worker ant zombie (D:7)
  18 adders
  11 gnolls
  A naga simulacrum (IceCv)
  2 ogre simulacra (IceCv)
  A river rat (Lair:5)
  2 shadow imps
  3 white imps (Lair:6)
  An ooze (D:3)
  An adder skeleton (D:5)
  3 worms
  3 dart slugs
  13 leopard geckos
  81 orcs
  A ball python (D:3)
  11 bats
  7 giant cockroaches
  A gnoll zombie (Ossuary)
  9 goblins
  5 hobgoblins
  7 jackals
  2 quokkas
  14 frilled lizards
  4 hobgoblin zombies (Ossuary)
  A jackal skeleton (D:7)
  11 kobolds
  A leopard gecko zombie (D:5)
  An orc skeleton (D:6)
  2 orc zombies (Ossuary)
  A quokka skeleton (D:6)
  3 rats
  8 fungi
  A plant (Lair:6)
695 creatures vanquished.

Vanquished Creatures (collateral kills)
  A troll simulacrum (IceCv)
  A naga simulacrum (IceCv)
2 creatures vanquished.

Vanquished Creatures (others)
  An unseen horror (D:11)
  A warg (Lair:6)
  2 wolves (Lair:6)
  A hound (Lair:6)
  98 fulminant prisms
  24 fungi (Lair:6)
  38 plants
165 creatures vanquished.

Grand Total: 862 creatures vanquished

Notes
Turn   | Place    | Note
-------+----------+-------------------------------------------
     0 | D:1      | Gukra the High Elf Conjurer began the quest for the Orb.
     0 | D:1      | Reached XP level 1. HP: 11/11 MP: 4/4
   137 | D:1      | Reached XP level 2. HP: 17/17 MP: 3/6
   246 | D:1      | Reached skill level 5 in Conjurations
   552 | D:1      | Learned a level 2 spell: Searing Ray
   586 | D:1      | Reached XP level 3. HP: 21/21 MP: 5/7
  1209 | D:2      | Reached skill level 3 in Spellcasting
  1654 | D:3      | Reached XP level 4. HP: 27/27 MP: 4/9
  1660 | D:3      | Learned a level 4 spell: Iskenderun's Mystic Blast
  1744 | D:3      | Reached skill level 1 in Shields
  2060 | D:3      | Reached XP level 5. HP: 24/31 MP: 2/11
  2212 | D:3      | Reached skill level 4 in Spellcasting
  2745 | D:3      | Reached XP level 6. HP: 25/36 MP: 2/13
  3109 | D:4      | Learned a level 3 spell: Dazzling Spray
  3315 | D:5      | Entered Level 5 of the Dungeon
  3397 | D:5      | Noticed Blork the orc
  3499 | D:5      | Noticed an ice beast
  3515 | D:4      | Killed an ice beast
  3515 | D:4      | Reached skill level 5 in Spellcasting
  3515 | D:4      | Reached XP level 7. HP: 2/41 MP: 3/15
  3821 | D:4      | Killed Blork the orc
  3821 | D:4      | Reached skill level 1 in Short Blades
  3910 | D:5      | Reached skill level 1 in Armour
  4005 | D:5      | Noticed Prince Ribbit
  4027 | D:5      | Killed Prince Ribbit
  4070 | D:5      | Learned a level 4 spell: Fulminant Prism
  4171 | D:5      | Noticed Eustachio
  4302 | D:5      | Killed Eustachio
  4302 | D:5      | Reached skill level 6 in Spellcasting
  4302 | D:5      | Reached XP level 8. HP: 46/46 MP: 4/18
  4952 | D:6      | Reached skill level 7 in Spellcasting
  4972 | D:6      | Found a sand-covered staircase.
  5042 | Ossuary  | Entered an ossuary
  5582 | D:6      | Reached XP level 9. HP: 52/52 MP: 3/21
  5731 | D:6      | Found a radiant altar of Vehumet.
  5753 | D:6      | Reached skill level 1 in Fighting
  5763 | D:6      | Became a worshipper of Vehumet
  5852 | D:6      | Learned a level 5 spell: Iskenderun's Battlesphere
  5943 | D:6      | Reached skill level 8 in Spellcasting
  6361 | D:6      | Found a shadowy altar of Dithmenos.
  6362 | D:6      | Found a shimmering altar of Xom.
  6524 | D:7      | Found a staircase to the Ecumenical Temple.
  6536 | D:7      | Reached skill level 1 in Charms
  6866 | D:7      | Reached * piety under Vehumet
  6866 | D:7      | Offered knowledge of Shock by Vehumet.
  6874 | D:7      | Learned a level 1 spell: Shock
  7028 | D:7      | Reached skill level 1 in Hexes
  7118 | D:7      | Reached skill level 10 in Conjurations
  7742 | D:8      | Reached skill level 9 in Spellcasting
  7921 | D:8      | Offered knowledge of Sting by Vehumet.
  7924 | D:8      | Reached ** piety under Vehumet
  8020 | D:8      | Reached XP level 10. HP: 60/60 MP: 15/24
  8903 | D:9      | Offered knowledge of Static Discharge by Vehumet.
  9042 | D:9      | Reached skill level 5 in Charms
  9155 | D:9      | Reached *** piety under Vehumet
  9155 | D:9      | Reached skill level 10 in Spellcasting
  9369 | D:9      | Found a staircase to the Lair.
  9547 | D:9      | Offered knowledge of Conjure Flame by Vehumet.
  9628 | Lair:1   | Entered Level 1 of the Lair of Beasts
  9642 | Lair:1   | Noticed bande's ghost (journeyman MiFi)
  9679 | D:10     | Entered Level 10 of the Dungeon
  9954 | D:10     | Killed an unseen horror
 10091 | D:10     | Killed an unseen horror
 10091 | D:10     | Reached XP level 11. HP: 56/67 MP: 12/26
 10315 | D:10     | Got a polished leather armour
 10326 | D:10     | Identified the cursed +0 leather armour of Dawn {*Slow rPois rF+ rC+++} (You found it on level 10 of the Dungeon)
 10413 | D:10     | Found a roughly hewn altar of Beogh.
 10416 | D:10     | Reached **** piety under Vehumet
 10460 | D:10     | Offered knowledge of Lee's Rapid Deconstruction by Vehumet.
 10562 | D:10     | Reached skill level 11 in Spellcasting
 10805 | D:11     | Killed an unseen horror
 11000 | D:11     | Reached ***** piety under Vehumet
 11000 | D:11     | Offered knowledge of Ozocubu's Refrigeration by Vehumet.
 11513 | D:11     | Noticed an orc warlord
 11670 | Lair:1   | Reached skill level 12 in Spellcasting
 11766 | Lair:1   | Reached skill level 1 in Air Magic
 11829 | Lair:1   | Killed bande's ghost
 11948 | Lair:1   | Got a translucent dagger
 11949 | Lair:1   | Identified the +1 dagger "Goblinslayer" {pierce, Int+3} (You found it on level 1 of the Lair of Beasts)
 12010 | Lair:1   | Noticed a six-headed hydra
 12018 | Lair:1   | Killed a six-headed hydra
 12018 | Lair:1   | Reached XP level 12. HP: 74/74 MP: 11/29
 12172 | Lair:1   | Learned a level 3 spell: Gell's Gravitas
 12806 | Lair:2   | Reached skill level 13 in Spellcasting
 13091 | Lair:2   | Reached skill level 5 in Hexes
 13240 | Lair:2   | Found a hole to the Spider Nest.
 13417 | Lair:2   | Noticed an eight-headed hydra
 13564 | Lair:2   | Killed an eight-headed hydra
 13895 | Lair:3   | Noticed a six-headed hydra
 13899 | Lair:3   | Killed a six-headed hydra
 13948 | Lair:3   | Reached skill level 5 in Air Magic
 14221 | Lair:3   | Reached skill level 14 in Spellcasting
 14223 | Lair:3   | Noticed Snorg
 14238 | Lair:3   | Killed Snorg
 14345 | Lair:2   | Reached XP level 13. HP: 62/81 MP: 9/32
 14618 | Lair:3   | Found a staircase to the Shoals.
 14675 | Lair:3   | Offered knowledge of Spellforged Servitor by Vehumet.
 14680 | Lair:3   | Learned a level 3 spell: Confuse
 14694 | Lair:3   | Learned a level 7 spell: Spellforged Servitor
 14712 | Lair:3   | Noticed VictoriousLee's ghost (journeyman FeMo)
 14718 | Lair:3   | Killed VictoriousLee's ghost
 15087 | Lair:4   | Found a frozen archway.
 15111 | IceCv    | Entered an ice cave
 15345 | IceCv    | Reached skill level 15 in Spellcasting
 15803 | Lair:4   | Noticed Rupert
 15812 | Lair:4   | Paralysed by Rupert for 2 turns
 15817 | Lair:4   | Killed Rupert
 17114 | Lair:5   | Found a staircase to the Slime Pits.
 17373 | Lair:5   | Found a viscous altar of Jiyva.
 17752 | Lair:6   | Entered Level 6 of the Lair of Beasts
 17758 | Lair:6   | Reached skill level 16 in Spellcasting
 17758 | Lair:6   | Reached skill level 1 in Translocations
 17816 | Lair:6   | Offered knowledge of Lightning Bolt by Vehumet.
 18060 | Lair:6   | Reached XP level 14. HP: 86/86 MP: 28/35
 18160 | Lair:6   | Reached skill level 10 in Charms
 18169 | Lair:6   | Learned a level 5 spell: Lightning Bolt
 18177 | Lair:6   | Learned a level 6 spell: Deflect Missiles
 19200 | Lair:6   | Offered knowledge of Iron Shot by Vehumet.
 19208 | Lair:6   | Learned a level 4 spell: Cause Fear
 19839 | Lair:6   | Reached skill level 10 in Hexes
 19956 | Lair:6   | Reached skill level 10 in Air Magic
 20080 | Lair:6   | Identified the Almanac of Scorching Arcane Weapons
 20160 | Lair:6   | Offered knowledge of Bolt of Cold by Vehumet.
 20854 | Lair:1   | Learned a level 6 spell: Bolt of Cold
 21048 | Spider:1 | Entered Level 1 of the Spider Nest
 21048 | Spider:1 | Noticed Agnes
 21052 | Spider:1 | Slain by Agnes

Skill      XL: |  1  2  3  4  5  6  7  8  9 10 11 12 13 14 |
---------------+-------------------------------------------+-----
Conjurations   | 5 6 7 8 9 10 11 12 | 12.3
Spellcasting   | 3 4 5 6 7 9 10 12 14 16 | 16.6
Shields        | 1 2 3 4 |  4.7
Short Blades   | 1 2 3 |  3.2
Armour         | 2 3 |  3.4
Fighting       | 2 3 4 |  4.8
Charms         | 3 6 7 9 10 | 10.9
Hexes          | 1 2 4 5 7 10 | 10.0
Air Magic      | 2 5 8 10 | 10.9
Translocations | 1 2 |  2.0
Dodging        | |  2.2
Stealth        | |  2.4
Evocations     | |  0.6

Action                   |  1- 3 |  4- 6 |  7- 9 | 10-12 | 13-15 || total
-------------------------+-------+-------+-------+-------+-------++-------
Melee: Short sword       |       |    16 |   107 |   100 |       ||   223
       Staff             |       |       |     1 |       |       ||     1
       Dagger            |       |       |       |    13 |     5 ||    18
Throw: Javelin           |       |     7 |    14 |     3 |       ||    24
       Throwing net      |       |       |     3 |       |       ||     3
 Cast: Magic Dart        |    82 |   114 |   270 |   349 |   342 ||  1157
       Iskenderun's Myst |       |     3 |    18 |    69 |   162 ||   252
       Searing Ray       |       |     5 |     1 |    19 |     2 ||    27
       Fulminant Prism   |       |       |    15 |    40 |    43 ||    98
       Dazzling Spray    |       |       |     7 |     1 |     1 ||     9
       Iskenderun's Batt |       |       |     3 |    53 |    89 ||   145
       Shock             |       |       |     2 |     6 |       ||     8
       Gell's Gravitas   |       |       |       |       |     7 ||     7
       Confuse           |       |       |       |       |    10 ||    10
       Lightning Bolt    |       |       |       |       |     4 ||     4
       Cause Fear        |       |       |       |       |     2 ||     2
       Deflect Missiles  |       |       |       |       |     1 ||     1
Evoke: Wand              |       |       |       |     2 |       ||     2
  Use: Scroll            |     4 |     5 |     9 |    12 |     7 ||    37
       Potion            |       |       |       |     6 |     1 ||     7
 Stab: Sleeping          |       |       |     3 |       |       ||     3
       Held in net/web   |       |       |     3 |       |       ||     3
  Eat: Chunk             |     2 |     6 |     9 |    23 |    18 ||    58
       Meat ration       |       |       |     1 |       |       ||     1
       Bread ration      |       |       |     1 |     1 |     1 ||     3
       Fruit             |       |       |       |     1 |       ||     1
Armor: Robe              |     1 |     3 |       |       |       ||     4
       Leather armour    |       |     6 |    29 |     9 |     2 ||    46
       Troll leather arm |       |       |       |    52 |    12 ||    64
Dodge: Dodged            |    13 |    21 |    68 |   119 |   105 ||   326
       Deflected         |       |       |       |       |     7 ||     7
Block: Buckler           |       |     5 |    30 |    79 |    60 ||   174
